 Dungeon Crawl Stone Soup version 0.17-a0-1979-g1c74939 (webtiles) character file.

2937 Shim the Ducker (level 9, -11/58 HPs)
             Began as a High Elf Warper on Oct 5, 2015.
             Was a Priest of Dithmenos.
             Mangled by a polar bear (25 damage)
             ... in an ice cave.
             The game lasted 01:17:05 (14509 turns).

Shim the Ducker (High Elf Warper)                  Turns: 14509, Time: 01:17:05

Health: -11/58     AC: 11    Str: 10    XL:     9   Next: 51%
Magic:  16/17      EV: 16    Int: 18    God:    Dithmenos [***...]
Gold:   322        SH:  0    Dex: 18    Spells: 7 memorised, 2 levels left

rFire  . . .     SeeInvis .     j - +2 dagger (speed)
rCold  . . .     Clarity  +     b - +0 leather armour
rNeg   . . .     SustAt   .     (no shield)
rPois  .         Gourm    .     (no helmet)
rElec  .         Spirit   .     (no cloak)
rCorr  .         Warding  .     s - +2 pair of gloves
rMut   .         Stasis   .     r - +0 pair of boots
MR     .....                    M - amulet of clarity
Stlth  ++++......               y - ring of wizardry
                                g - +4 ring of protection

@: wreathed by umbra, not resistant to hostile enchantments, stealthy
A: no striking features
a: Shadow Step, Renounce Religion


You were in an ice cave.
You worshipped Dithmenos.
Dithmenos was most pleased with you.
You were not hungry.

You visited 2 branches of the dungeon, and saw 9 of its levels.
You also visited: Ice Cave.

You collected 322 gold pieces.

Inventory:

Hand Weapons
 f - a +2 short sword of freezing
 j - a +2 dagger of speed (weapon)
 w - a +0 blowgun
 J - a +2 long sword
 L - a +0 short sword of venom
Missiles
 e - 5 tomahawks of dispersal
 x - 47 poisoned needles
 B - 10 tomahawks (quivered)
 F - a throwing net
Armour
 b - a +0 leather armour (worn)
 r - a +0 pair of boots (worn)
 s - a +2 pair of gloves (worn)
Jewellery
 g - a +4 ring of protection (left hand)
 y - a ring of wizardry (right hand)
 A - an uncursed amulet of resist corrosion
 C - an uncursed ring of magical power
 M - an amulet of clarity (around neck)
 P - an uncursed amulet of faith
Wands
 v - a wand of slowing (25)
 T - a wand of fire (6)
Scrolls
 d - 3 scrolls of blinking
 h - 5 scrolls of remove curse
 n - 3 scrolls of identify
 o - a scroll of amnesia {unknown}
 q - 2 scrolls of fog
 D - a scroll of enchant armour {unknown}
 K - a scroll of enchant weapon {unknown}
 O - a scroll of fear {unknown}
 S - a scroll of immolation {unknown}
 V - a scroll of holy word {unknown}
Potions
 i - 2 potions of agility {unknown}
 l - a potion of heal wounds {unknown}
 m - 2 potions of degeneration
 p - 3 potions of poison {unknown}
 u - 3 potions of flight {unknown}
 z - 2 potions of curing
 E - 2 potions of haste {unknown}
 H - a potion of ambrosia {unknown}
 I - a potion of might {unknown}
 N - a potion of cancellation {unknown}
 R - a potion of cure mutation
Books
 c - a book of Spatial Translocations

   Spells                             Type                      Level
   a - Apportation                    Translocation                1
   b - Blink                          Translocation                2
   c - Shroud of Golubria             Charms/Translocation         2
   d - Portal Projectile              Translocation                3
   e - Teleport Other                 Translocation                3
   f - Passage of Golubria            Translocation                4
 Q - Sif Muna's Grimoire of Attacks
   (You found it on level 7 of the Dungeon)

   Spells                             Type                      Level
   a - Shock                          Conjuration/Air              1
Comestibles
 a - 2 royal jellies
 t - a slice of pizza
 G - 2 beef jerkies
 W - a bread ration


   Skills:
 + Level 3.8 Fighting
 + Level 6.8 Short Blades
 + Level 4.9 Throwing
 + Level 3.4 Armour
 + Level 6.9 Dodging
 + Level 5.2 Stealth
 + Level 5.1 Spellcasting
 + Level 3.2 Charms
 + Level 5.5 Translocations


You had 2 spell levels left.
You knew the following spells:

 Your Spells              Type           Power        Failure   Level  Hunger
a - Apportation           Tloc           ###.......   1%          1    None
b - Blink                 Tloc           N/A          1%          2    #......
c - Teleport Other        Tloc           ###.....     3%          3    ##.....
d - Shroud of Golubria    Chrm/Tloc      ###.......   1%          2    #......
e - Portal Projectile     Tloc           ###...       3%          3    ##.....
f - Passage of Golubria   Tloc           N/A          9%          4    ####...
g - Shock                 Conj/Air       #...         9%          1    None


Dungeon Overview and Level Annotations

Branches:
Dungeon (8/15)             Temple (0/1) D:7            Lair (1/8) D:8

Altars:
Cheibriados
Dithmenos
Fedhas
Gozag
Makhleb
Nemelex Xobeh
Okawaru
Qazlal
Sif Muna
Vehumet
The Shining One

Shops:
D:5 %

Annotations:
Lair:1 Harold


Message History

The polar bear is almost dead.
The polar bear barely misses you. The polar bear completely misses you.
The polar bear claws you.
* * * LOW HITPOINT WARNING * * *
Your shroud falls apart!
Use which ability?
Okay, then.
Casting: Shroud of Golubria
Confirm with . or Enter, or press ? or * to list all spells.
Aiming: Shock
Press: ? - help, Shift-Dir - straight line, f - polar bear
Aim: a polar bear (almost dead, berserk, fast, unusually strong, umbra) That beam is likely to hit you.
Continue anyway?
Okay, then.
You hit the polar bear but do no damage.
The polar bear is almost dead.
You hit the polar bear but do no damage.
The polar bear is almost dead.
The polar bear bites you!!
You die...

#...#
##...
...##
#..#
##.# ##
##..
#)#$##
##$#.#
#@#..#
##h##§#
### §§
##


You could see a polar bear (berserk).

Vanquished Creatures
  A hippogriff (D:8)
  Edmund (D:5)
  A water moccasin (D:7)
  2 ice beasts
  A soldier ant (D:8)
  2 porcupines (Lair:1)
  2 ogres
  A centaur (D:6)
  2 orc warriors
  Blork the orc (D:6)
  3 giant frogs
  7 wights (D:6)
  3 crimson imps (D:8)
  5 iguanas
  A centaur zombie (D:6)
  A giant frog zombie (D:8)
  2 jellies
  3 orc wizards
  3 orc priests
  2 hounds (D:5)
  2 giant frog skeletons (D:8)
  7 worker ants
  A worker ant zombie (D:5)
  12 adders
  2 shadow imps (D:5)
  3 oozes
  An adder zombie (D:8)
  An adder skeleton (D:7)
  A worm (D:3)
  6 giant geckos
  28 orcs
  3 ball pythons
  6 bats
  7 giant cockroaches
  6 goblins
  6 hobgoblins
  13 jackals
  11 kobolds
  2 quokkas
  A giant cockroach zombie (D:6)
  7 giant newts
  2 jackal skeletons
  10 rats
  A bush (D:6)
  A plant (D:6)
184 creatures vanquished.

Vanquished Creatures (others)
  2 yaks (IceCv)
  3 wolves (IceCv)
  A worker ant (D:6)
6 creatures vanquished.

Grand Total: 190 creatures vanquished

Notes
Turn   | Place    | Note
--------------------------------------------------------------
     0 | D:1      | Shim the High Elf Warper began the quest for the Orb.
     0 | D:1      | Reached XP level 1. HP: 14/14 MP: 4/4
    70 | D:1      | Reached skill level 1 in Armour
   422 | D:1      | Reached XP level 2. HP: 19/19 MP: 6/6
  1733 | D:1      | Reached XP level 3. HP: 24/24 MP: 7/7
  2432 | D:2      | Found a shadowy altar of Dithmenos.
  2442 | D:2      | Became a worshipper of Dithmenos the Shadowed
  2965 | D:3      | Learned a level 2 spell: Blink
  2969 | D:3      | Learned a level 3 spell: Teleport Other
  2985 | D:3      | Found an opulent altar of Gozag.
  3226 | D:3      | Reached skill level 1 in Stealth
  3424 | D:3      | Reached XP level 4. HP: 25/29 MP: 8/8
  3932 | D:3      | Found a snail-covered altar of Cheibriados.
  4095 | D:3      | Learned a level 2 spell: Shroud of Golubria
  4383 | D:4      | Reached XP level 5. HP: 35/35 MP: 10/10
  4941 | D:4      | Noticed an ogre
  5103 | D:4      | Killed an ogre
  5309 | D:4      | Reached skill level 4 in Translocations
  5360 | D:4      | Found a glowing golden altar of the Shining One.
  5433 | D:4      | Reached XP level 6. HP: 17/41 MP: 11/11
  6146 | D:5      | Entered Level 5 of the Dungeon
  6345 | D:5      | Noticed Edmund
  6422 | D:5      | Killed Edmund
  6760 | D:5      | Reached XP level 7. HP: 45/45 MP: 13/13
  6786 | D:5      | Found a burning altar of Makhleb.
  6786 | D:5      | Noticed a balrug
  6789 | D:5      | Noticed a hellwing
  6789 | D:5      | Noticed an orange demon
  7081 | D:5      | Reached skill level 1 in Charms
  7617 | D:5      | Reached skill level 5 in Dodging
  7875 | D:5      | Found a sparkling altar of Nemelex Xobeh.
  7881 | D:5      | Found Majyah's Food Shop.
  8625 | D:6      | Acquired Dithmenos's first power
  8627 | D:6      | Reached XP level 8. HP: 52/52 MP: 14/14
  8811 | D:6      | Found a blossoming altar of Fedhas.
  8964 | D:6      | Found a stormy altar of Qazlal.
  8990 | D:6      | Found an iron altar of Okawaru.
  9560 | D:6      | Reached skill level 5 in Short Blades
  9991 | D:6      | Found a radiant altar of Vehumet.
 10045 | D:6      | Learned a level 3 spell: Portal Projectile
 10378 | D:6      | Noticed Blork the orc
 10415 | D:6      | Killed Blork the orc
 10717 | D:7      | Reached skill level 5 in Translocations
 10976 | D:7      | Found a deep blue altar of Sif Muna.
 11046 | D:7      | Identified Sif Muna's Grimoire of Attacks
 11065 | D:7      | Reached skill level 6 in Dodging
 11085 | D:7      | Learned a level 4 spell: Passage of Golubria
 11167 | D:7      | Found a staircase to the Ecumenical Temple.
 11842 | D:8      | Reached XP level 9. HP: 55/57 MP: 1/16
 12317 | D:8      | Acquired Dithmenos's second power
 12319 | D:8      | Found a staircase to the Lair.
 13651 | D:8      | Reached skill level 5 in Stealth
 13929 | Lair:1   | Entered Level 1 of the Lair of Beasts
 13933 | Lair:1   | Learned a level 1 spell: Shock
 13936 | Lair:1   | Found a frozen archway.
 13940 | Lair:1   | Noticed a spiny frog
 13950 | Lair:1   | Reached skill level 5 in Spellcasting
 14008 | Lair:1   | Noticed Harold
 14318 | IceCv    | Entered an ice cave
 14509 | IceCv    | Mangled by a polar bear

Vault maps used:
D:1:      tarquinn_simple_flora_water_d
D:2:      lemuel_coloured_pillars_altar
D:3:      cheibriados_altar_wand_db, old_standard_altar, first_bread,
          minmay_misc_feat_columns
D:4:      old_standard_altar
D:5:      makhleb_altar_promises_db, old_standard_altar, serial_shops,
          nicolae_shop_waterfront, minmay_misc_feat_x, uniq_edmund
D:6:      lemuel_crystal_altar, fiery_altar_vehumet,
          grunt_temple_overflow_forces_of_nature, uniq_blork_the_orc
D:7:      led_sif_book, minmay_temple_entry_glassed_door
D:8:      lair_0_dummy
Lair:1:   lab_entry_generic, portal_ice_cave_entry_pillars_01, minivault_25,
          uniq_joseph, uniq_harold
IceCv:    ice_cave_caverns_02

Action                   |  1- 3 |  4- 6 |  7- 9 || total
-------------------------+-------+-------+-------++-------
Melee: Short sword       |    98 |       |   492 ||   590
       Dagger            |    89 |   274 |   313 ||   676
 Fire: Blowgun           |       |    24 |    42 ||    66
Throw: Tomahawk          |       |       |    19 ||    19
 Cast: Blink             |     1 |     5 |     6 ||    12
       Teleport Other    |       |     2 |     6 ||     8
       Shroud of Golubri |       |     4 |    29 ||    33
       Apportation       |       |       |     2 ||     2
       Portal Projectile |       |       |     8 ||     8
       Passage of Golubr |       |       |     1 ||     1
  Use: Scroll            |       |     1 |    12 ||    13
       Potion            |       |       |     3 ||     3
 Stab: Sleeping          |     4 |     3 |    12 ||    19
       Distracted        |       |     1 |       ||     1
  Eat: Meat ration       |     1 |     1 |     3 ||     5
       Pizza             |     1 |       |       ||     1
       Bread ration      |     1 |       |     2 ||     3
       Chunk             |       |     2 |     7 ||     9
       Beef jerky        |       |       |     1 ||     1
